 Dungeon Crawl Stone Soup version 0.31-a0-986-g5e6e4ef867 (webtiles) character file.

Game seed: 15370612530070020668

51725 freelancePsychic the Fighter (level 14, -10/120 HPs)
             Began as a Demonspawn Artificer on Nov 20, 2023.
             Was a High Priest of Lugonu.
             Mangled by a cyan very ugly thing (19 damage)
             ... summoned by Lugonu's corruption
             ... on level 5 of the Lair of Beasts.
             The game lasted 00:36:01 (21672 turns).

freelancePsychic the Fighter (DsAr)                Turns: 21672, Time: 00:36:02

Health: -10/120    AC: 12    Str: 22    XL:     14   Next: 24%
Magic:  0/23       EV: 11    Int: 12    God:    Lugonu [*****.]
Gold:   1606       SH:  9    Dex: 16    Spells: 13/13 levels left

rFire   . . .        G - +5 lajatang (distort)
rCold   + . .        (shield currently unavailable)
rNeg    . . .        z - +0 steam dragon scales
rPois   .            (helmet unavailable)
rElec   .            r - +1 cloak
rCorr   .            m - +0 pair of gloves
SInv    +            a - +0 pair of boots
Will    +....        s - amulet of reflection
Stlth   ++           w - ring of protection from cold
HPRegen 0.40/turn    h - +6 ring of strength
MPRegen 0.36/turn

%: reflection, guardian spirit
@: about to teleport, marked
A: antennae 3, large bone plates 1, augmentation 1, magic shield, magic
regeneration, demonic magic 1
a: Renounce Religion, Depart the Abyss, Banish, Corrupt, Enter the Abyss


You were on level 5 of the Lair of Beasts.
You worshipped Lugonu.
Lugonu was extremely pleased with you.
You visited 3 branches of the dungeon, and saw 17 of its levels.
You also visited: Volcano.

You collected 1721 gold pieces.
You spent 115 gold pieces at shops.

Inventory:

Hand Weapons
 G - a +5 lajatang of distortion (weapon)
Missiles
 B - 2 throwing nets
Armour
 a - a +0 pair of boots (worn)
 m - a +0 pair of gloves (worn)
 r - a +1 cloak (worn)
 z - +0 steam dragon scales (worn)
Jewellery
 h - a +6 ring of strength (right hand)
 s - an amulet of reflection (around neck)
 v - a ring of magical power
 w - a ring of protection from cold (left hand)
 E - a ring of protection from cold
 J - a +6 ring of strength
 K - a ring of resist corrosion
 O - an amulet of faith
Wands
 d - a wand of charming (35)
 y - a wand of flame (25)
 P - a wand of iceblast (6)
 Q - a wand of light (4)
Scrolls
 c - 4 scrolls of poison
 g - a scroll of amnesia
 j - 3 scrolls of fog
 l - a scroll of vulnerability
 p - 3 scrolls of teleportation {@r4}
 q - 4 scrolls of revelation
 t - a scroll of torment
 x - 3 scrolls of immolation
 D - 2 scrolls of summoning
 N - a scroll of blinking
Potions
 b - 2 potions of degeneration {unknown}
 e - a potion of enlightenment
 f - 2 potions of resistance
 i - 4 potions of cancellation
 k - 5 potions of curing {@q1}
 n - 4 potions of might
 o - 3 potions of haste {@q3}
 u - 5 potions of heal wounds {unknown}
 A - 4 potions of mutation {unknown}
 C - 2 potions of berserk rage {unknown}
 F - 2 potions of ambrosia
 H - 3 potions of brilliance {unknown}
 L - 2 potions of invisibility {unknown}
 M - 2 potions of attraction {unknown}


   Skills:
 + Level 14.1 Fighting
 - Level 0.3 Short Blades
 - Level 3.6(9.6) Polearms
 - Level 13.7(14.0) Staves
 - Level 1.0 Ranged Weapons
 + Level 9.0 Armour
 - Level 0.8 Dodging
 - Level 2.1 Stealth
 - Level 13.3 Invocations
 - Level 3.0 Evocations


You had 13 spell levels left.
You didn't know any spells.
Your spell library contained the following spells:

 Spells                   Type           Power      Damage    Failure   Level
 Apportation              Tloc           0%         N/A       32%         1
 Freeze                   Ice            0%         1d3       32%         1
 Necrotise                Necr           0%         1d4       32%         1
 Summon Small Mammal      Summ           0%         N/A       32%         1
 Ensorcelled Hibernation  Hex/Ice        0%         N/A       45%         2
 Jinxbite                 Hex            0%         N/A       45%         2
 Dazzling Flash           Conj/Hex       0%         N/A       69%         3
 Frozen Ramparts          Ice            0%         1d1       69%         3
 Hailstorm                Conj/Ice       0%         3d3       69%         3
 Inner Flame              Hex/Fire       0%         N/A       69%         3
 Anguish                  Hex/Necr       0%         N/A       97%         4
 Animate Dead             Necr           0%         N/A       97%         4
 Cause Fear               Hex            0%         N/A       97%         4
 Flame Wave               Conj/Fire      0%         2d4       97%         4
 Sticky Flame             Conj/Fire      0%         2d3       97%         4
 Vhi's Electric Charge    Tloc/Air       0%         N/A       97%         4
 Agony                    Necr           0%         N/A       100%        5
 Alistair's Intoxication  Tmut/Pois      0%         N/A       100%        5
 Arcjolt                  Conj/Air       0%         1d10      100%        5
 Borgnjor's Vile Clutch   Necr/Erth      0%         N/A       100%        5
 Fireball                 Conj/Fire      0%         3d3       100%        5
 Silence                  Hex/Air        0%         N/A       100%        5
 Death Channel            Necr           0%         N/A       100%        6
 Plasma Beam              Fire/Air       0%         2x1d10    100%        6
 Malign Gateway           Summ/Tloc      0%         N/A       100%        7
 Maxwell's Capacitive Co  Air            0%         ∞         100%        8
 Summon Horrible Things   Summ           0%         N/A       100%        8
 Dragon's Call            Summ           0%         N/A       100%        9


Dungeon Overview and Level Annotations

Branches:
Dungeon (10/15)            Temple (0/1) D:6            Lair (5/5) D:9
  Swamp (0/4) Lair:3        Snake (0/4) Lair:3        Slime (0/5) Lair:4
    Orc (2/2) D:9         Volcano (visited)
    Elf: Orc:2

Altars:
Dithmenos
Gozag
Hepliaklqana
Ru
Uskayaw
Jiyva
Lugonu

Shops:
D:5 *   D:7 :**(

Annotations:
Lair:1 exclusion: oklob plant
Lair:3 corrupted, 2 transporters, Iluushri's ghost, journeyman DjCK
Lair:5 corrupted
Orc:2 Jorgrun


Innate Abilities, Weirdness & Mutations

You have a pair of large antennae on your head. (SInv)
You are partially covered in large bone plates. (SH +4)
Your magical and physical power is slightly enhanced at high health.
When hurt, damage is shared between your health and your magic reserves.
You regenerate magic rapidly.
Spells you cast may paralyse adjacent enemies.


Message History

The ufetubus barely misses the death yak.
The ufetubus hits the plant. x2
The large abomination hits the death yak!!
The ufetubus barely misses the cane toad. x2
The ufetubus hits the death yak but does no damage.
The ufetubus completely misses the death yak.
The worldbinder closely misses you. The worldbinder misses you.
The water moccasin bites the ynoxinul.
The cyan very ugly thing engulfs you! The cyan very ugly thing shocks you!!
* * * LOW HITPOINT WARNING * * *
The ynoxinul gestures.
The cane toad barely misses the ufetubus.
The deep elf pyromancer mumbles some strange words.
The deep elf pyromancer blinks!
The tentacled starspawn bites you but does no damage.
The tentacled starspawn tentacle-slaps you!
* * * LOW HITPOINT WARNING * * *
The starspawn tentacle completely misses something.
The cane toad writhes in pain as voices assail its mind.
The cane toad dies!
The deep elf pyromancer casts a spell.
The deep elf pyromancer blinks!
A starcursed mass splits.
The wight hits the death yak but does no damage.
The small abomination is no longer moving slowly.
A nearby plant withers and dies.
The quasit bites the skyshark.
The quasit claws the skyshark. x2; The ufetubus hits the plant. x2
The ufetubus completely misses the water moccasin.
The ufetubus misses the water moccasin.
The skyshark closely misses the quasit.
The skyshark barely misses the quasit.
The skyshark completely misses the quasit.
The water moccasin bites the ynoxinul.
The large abomination hits the bush!
The death yak gores the ufetubus but does no damage.
The death yak barely misses the great orb of eyes.
The ufetubus hits the cane toad but does no damage.
The ufetubus completely misses the cane toad.
The ufetubus hits the death yak but does no damage.
The ufetubus hits the death yak.
The cyan very ugly thing engulfs you!!
* * * LOW HITPOINT WARNING * * *
The cyan very ugly thing shocks you!!
You die...

.P##.....#..##......#.....#
..##.....†..§#.....##....##
.###...†..#§.§.##{..##..##
## #.......#.X..##{###...#
# #P...##{.{.X.P###.....##
# ######{{{{{X.xe......#.##
.PP{{.{{w55WwP.P...P#
.PP{P{{P#XuX5.P##..##
P##P.#{###@x3e..##.##
....xz5YGXGXe5.#...##
#.#553YlP.3xhP.##...#
..55#S#5.#hXX.#.....##
...#FY####XX.#.#.....#
...X. ##...PP...## #..{{
#......## .P.{ #.##.....#
.. P. ####.....##


You could see 2 death yaks, a skyshark (strong, distracted, misshapen), a cane
toad (distracted), a water moccasin, 8 neutral starcursed masses, a neutral cyan
very ugly thing (summoned, wandering), 2 neutral tentacled starspawn, a neutral
great orb of eyes (summoned, distracted), a neutral glowing orange brain
(summoned, distracted), 2 neutral large abominations, 2 neutral deep elf
pyromancers, a neutral worldbinder (summoned, distracted), a neutral deep elf
zephyrmancer (summoned, distracted), a neutral smoke demon (summoned,
distracted), 2 neutral raiju, 2 neutral ynoxinuls, a neutral wraith (summoned,
distracted), 3 neutral small abominations, 2 neutral starspawn tentacles, a
neutral wight (summoned, distracted), a neutral quasit (summoned, distracted), a
neutral shadow imp (summoned, wandering) and 8 neutral ufetubi.

Vanquished Creatures
  A dire elephant (Lair:5)
  A hydra (Lair:2)
  5 death yaks (Lair:5)
  2 two-headed ogres
  A skyshark (Lair:4)
  2 sun demons (Volcano)
  2 lindwurms
  A manticore (Lair:5)
  2 elephants (Lair:5)
  6 black mambas
  Joseph (D:8)
  4 smoke demons (Volcano)
  14 cane toads
  An unseen horror (D:10)
  Psyche (D:10)
  4 rime drakes
  2 komodo dragons
  4 polar bears
  A troll (Orc:1)
  12 blink frogs
  2 dream sheep (Lair:5)
  A shadow (D:9)
  3 wyverns
  6 basilisks
  52 yaks
  A wraith (D:9)
  10 steam dragons
  A two-headed ogre zombie (D:9)
  A naga (Lair:3)
  A hell hound (Volcano)
  18 water moccasins
  7 orc warriors
  3 ice beasts
  2 black bears
  4 sky beasts
  4 wolves
  6 ogres
  5 centaurs
  5 phantoms
  2 kobold brigands
  13 bullfrogs
  4 scorpions
  4 gnoll sergeants
  10 wights
  3 troll zombies (D:9)
  A killer bee (D:8)
  9 howler monkeys
  2 lava snakes (Lair:2)
  3 gnoll boudas
  6 hounds
  16 orc priests
  2 iguanas
  19 orc wizards
  Ijyb (D:3)
  Natasha (twice) (D:2)
  4 ogre zombies (D:9)
  Robin (D:3)
  37 gnolls
  12 adders
  3 white imps
  2 worms
  4 dart slugs
  58 orcs
  7 ball pythons
  8 endoplasms
  7 giant cockroaches
  A gnoll zombie (D:9)
  16 goblins
  12 hobgoblins
  30 jackals
  5 quokkas
  3 bats
  8 frilled lizards
  A gnoll skeleton (D:9)
  21 kobolds
  6 orc skeletons (D:9)
  17 orc zombies (D:9)
  3 rats
562 creatures vanquished.

Vanquished Creatures (collateral kills)
  A sun demon (Volcano)
  A steam dragon (Volcano)
  A warg (Orc:2)
  An orc warrior (Orc:2)
  2 electric eels (Lair:2)
  An iguana (D:5)
  A dart slug (D:5)
  A goblin (D:3)
9 creatures vanquished.

Vanquished Creatures (others)
  Kirke (Lair:3)
  A centaur warrior (D:8)
  7 death yaks
  A cane toad (Lair:5)
  2 yaks (Lair:3)
  6 humans (Lair:3)
  A water moccasin (Lair:5)
  An orc warrior (Orc:2)
  A jelly (D:8)
  An orc wizard (D:8)
  5 starspawn tentacles
27 creatures vanquished.

Grand Total: 598 creatures vanquished

Notes
Turn   | Place    | Note
-------+----------+-------------------------------------------
     0 | D:1      | freelancePsychic the Demonspawn Artificer began the quest
                  | for the Orb.
     0 | D:1      | Reached XP level 1. HP: 15/15 MP: 1/1
    16 | D:1      | Reached skill level 1 in Stealth
   299 | D:1      | Gained mutation: You have a pair of small antennae on your
                  | head. [demonic ancestry]
   299 | D:1      | Reached XP level 2. HP: 21/21 MP: 2/2
   460 | D:1      | Reached skill level 2 in Fighting
   635 | D:1      | Gained mutation: You regenerate magic rapidly. [demonic
                  | ancestry]
   635 | D:1      | Reached XP level 3. HP: 27/27 MP: 3/3
   859 | D:1      | Reached skill level 1 in Ranged Weapons
  1222 | D:2      | Found a faded altar of an unknown god.
  1238 | D:2      | Prayed at the altar of an unknown god.
  1238 | D:2      | Became a worshipper of Lugonu the Unformed
  1238 | D:2      | Reached * piety under Lugonu
  1326 | D:2      | Noticed Natasha
  1340 | D:2      | Killed Natasha
  1341 | D:2      | Reached skill level 1 in Invocations
  1341 | D:2      | Reached XP level 4. HP: 6/34 MP: 3/5
  1723 | D:2      | Reached skill level 3 in Fighting
  1946 | D:2      | Noticed Natasha
  1983 | D:2      | Killed Natasha
  1984 | D:2      | Gained mutation: You have a pair of antennae on your head.
                  | [demonic ancestry]
  1984 | D:2      | Reached XP level 5. HP: 41/41 MP: 5/7
  2627 | D:3      | Noticed Robin
  2637 | D:3      | Killed Robin
  2648 | D:3      | Reached ** piety under Lugonu
  3142 | D:3      | Reached skill level 4 in Fighting
  3271 | D:3      | Noticed Ijyb
  3296 | D:3      | Killed Ijyb
  3297 | D:3      | Gained mutation: You are partially covered in large bone
                  | plates. (SH +4) [demonic ancestry]
  3297 | D:3      | Reached XP level 6. HP: 38/48 MP: 9/9
  3521 | D:4      | Noticed an ice beast
  3539 | D:5      | Entered Level 5 of the Dungeon
  3572 | D:5      | Killed an ice beast
  3573 | D:5      | Reached skill level 5 in Invocations
  3667 | D:4      | Reached skill level 5 in Fighting
  3736 | D:4      | Reached *** piety under Lugonu
  3773 | D:4      | Reached XP level 7. HP: 38/56 MP: 11/11
  4642 | D:4      | Reached skill level 6 in Fighting
  4786 | D:5      | Found Nout's Fire Supplies.
  5064 | D:5      | Gained mutation: You have a pair of large antennae on your
                  | head. (SInv) [demonic ancestry]
  5064 | D:5      | Reached XP level 8. HP: 53/65 MP: 13/13
  5073 | D:5      | Reached **** piety under Lugonu
  5678 | D:5      | Reached skill level 7 in Fighting
  5764 | D:5      | Bought a scroll of immolation for 52 gold pieces
  5764 | D:5      | Bought a wand of flame (7) for 63 gold pieces
  6066 | D:5      | Reached skill level 1 in Polearms
  6970 | D:5      | Found a sacrificial altar of Ru.
  6971 | D:5      | Found a shadowy altar of Dithmenos.
  6972 | D:5      | Found a hazy altar of Hepliaklqana.
  7195 | D:6      | Found a staircase to the Ecumenical Temple.
  7791 | D:6      | Reached XP level 9. HP: 70/73 MP: 16/16
  8211 | D:7      | Found Pygiaceq's Book Boutique.
  8239 | D:7      | Reached skill level 1 in Staves
  8244 | D:7      | Reached skill level 8 in Fighting
  8437 | D:7      | Reached skill level 10 in Invocations
  8447 | D:7      | Reached ***** piety under Lugonu
  8703 | D:7      | Found a hide-covered altar of Uskayaw.
  8749 | D:7      | Found Roojyv's General Store.
  8760 | D:7      | Found Isuugiq's Antique Weapon Boutique.
  8950 | D:7      | Found Qicvec's Assorted Antiques.
  9599 | D:8      | Noticed a four-headed hydra
  9601 | D:8      | Noticed a centaur warrior
  9613 | D:8      | Banished a four-headed hydra
  9614 | D:8      | Reached skill level 5 in Staves
  9614 | D:8      | Gained mutation: Spells you cast may paralyse adjacent
                  | enemies. [demonic ancestry]
  9614 | D:8      | Reached XP level 10. HP: 49/82 MP: 13/18
  9620 | D:8      | Noticed a centaur warrior
  9621 | D:8      | Banished a centaur warrior
  9622 | D:8      | Reached skill level 9 in Fighting
  9985 | D:8      | Noticed an eight-headed hydra
  9986 | D:8      | Banished an eight-headed hydra
 10311 | D:8      | Noticed a two-headed ogre
 10315 | D:8      | Killed a two-headed ogre
 10532 | D:8      | Noticed Joseph
 10540 | D:8      | Killed Joseph
 10745 | D:9      | Reached skill level 10 in Fighting
 10745 | D:9      | Gained mutation: When hurt, damage is shared between your
                  | health and your magic reserves. [demonic ancestry]
 10745 | D:9      | Reached XP level 11. HP: 11/90 MP: 15/20
 11576 | D:9      | Found a staircase to the Lair.
 11929 | D:9      | Found a staircase to the Orcish Mines.
 12688 | Gauntlet | Identified the of Timmoin
 12688 | Gauntlet | Identified the "Ogounamo"
 12688 | Orc:1    | Entered Level 1 of the Orcish Mines
 13343 | Orc:2    | Entered Level 2 of the Orcish Mines
 13592 | Orc:2    | Noticed Jorgrun
 13632 | Lair:1   | Entered Level 1 of the Lair of Beasts
 13714 | D:10     | Entered Level 10 of the Dungeon
 13862 | D:10     | Reached ****** piety under Lugonu
 13933 | D:10     | Identified a +5 lajatang of distortion (a +3 lajatang
                  | corrupted by Lugonu)
 13933 | D:10     | Received a gift from Lugonu
 14127 | D:10     | Noticed Psyche
 14133 | D:10     | Killed Psyche
 14269 | D:10     | Noticed a two-headed ogre
 14276 | D:10     | Killed a two-headed ogre
 14389 | D:10     | Found an opulent altar of Gozag.
 14650 | Lair:1   | Noticed an oklob plant
 14682 | Lair:1   | Reached skill level 11 in Fighting
 14682 | Lair:1   | Reached skill level 10 in Staves
 15034 | Lair:1   | Gained mutation: Your magical and physical power is
                  | slightly enhanced at high health. [demonic ancestry]
 15034 | Lair:1   | Reached XP level 12. HP: 100/100 MP: 21/21
 15705 | Lair:2   | Noticed an eight-headed hydra
 15708 | Lair:2   | Banished an eight-headed hydra
 15721 | Lair:2   | Found a dark tunnel.
 15776 | Volcano  | Entered a volcano
 16025 | Volcano  | Reached skill level 5 in Armour
 16336 | Volcano  | Reached skill level 12 in Fighting
 16404 | Volcano  | Noticed a fire dragon
 16411 | Volcano  | Banished a fire dragon
 16572 | Lair:2   | Noticed a four-headed hydra
 16582 | Lair:2   | Killed an eight-headed hydra
 17261 | Lair:2   | Reached XP level 13. HP: 80/108 MP: 17/22
 17670 | Lair:3   | Noticed Iluushri's ghost (journeyman DjCK)
 17800 | Lair:3   | Noticed Kirke
 17802 | Lair:3   | Corrupted Lair:3
 17802 | Lair:3   | Noticed a tentacled starspawn
 17802 | Lair:3   | Noticed an eidolon
 17803 | Lair:3   | Noticed a lich
 17811 | Lair:3   | Killed Kirke
 17813 | Lair:3   | Noticed a starcursed mass
 17830 | Lair:3   | Noticed a tentacled starspawn
 17895 | Lair:3   | Found a transporter.
 17899 | Lair:3   | Found a transporter.
 17931 | Lair:3   | Found a staircase to the Swamp.
 18181 | Lair:3   | Found a staircase to the Snake Pit.
 18781 | Lair:4   | Found a staircase to the Slime Pits.
 18781 | Lair:4   | Found a viscous altar of Jiyva.
 20057 | Lair:5   | Entered Level 5 of the Lair of Beasts
 20113 | Lair:5   | Reached skill level 13 in Fighting
 20889 | Lair:5   | Reached XP level 14. HP: 100/118 MP: 19/23
 21243 | Lair:5   | Reached skill level 14 in Fighting
 21665 | Lair:5   | Corrupted Lair:5
 21665 | Lair:5   | Noticed a tentacled starspawn
 21665 | Lair:5   | Noticed a tentacled starspawn
 21665 | Lair:5   | Noticed a cyan very ugly thing
 21672 | Lair:5   | Mangled by a cyan very ugly thing

Illustrated notes

Levels and vault maps discovered:
D:1:      doesnt_arrival_eight_statues, layout_loops_ring, solitary_fountain
D:2:      layout_loops_ring, serial_aquarium, aquarium_bridge_straight
          [aquarium_subvault_bridge, aquarium_subvault_balcony,
          aquarium_subvault_bridge, aquarium_subvault_wall], aquarium_window_1,
          aquarium_window_1, aquarium_window_fake, aquarium_window_fake,
          aquarium_view_2d, chequers_ecumenical_altar_island,
          minmay_close_crescents, uniq_natasha
D:3:      layout_basic, uniq_robin, uniq_ijyb
D:4:      layout_cave_pools, serial_column_ruins, column_ruins_hut_ruined,
          column_ruins_hut_pillars, column_ruins_columns_T,
          column_ruins_columns_dead_end, column_ruins_grid_1,
          column_ruins_columns_straight, column_ruins_open_large,
          column_ruins_open_small, column_ruins_corridor_straight,
          grunt_decor_fettered
D:5:      lemuel_castle_with_subvaults [lemuel_castle_interior_carwin_2],
          layout_basic, mainiacjoe_overflow_alcove_3, grunt_ministairs_15,
          nicolae_shop_fire_sale [nicolae_sub_dead_trees], st_stairs_14,
          minmay_misc_feat_cross, hangedman_decor_diamond_cutter
D:6:      layout_loops_ring, minmay_temple_entry_hall, serial_bayou_pond_c,
          hangedman_decor_growths
D:7:      layout_basic, kennysheep_mini, serial_shops,
          nicolae_shop_tiny_real_fake_doors, shop, shop, shop
D:8:      layout_loops_ring, chequers_serial_rivers_large_b, minivault_19,
          nicolae_doodle_vault, uniq_joseph
D:9:      layout_stronghold, zin_statuary, lair_entry_dummy, zombieorc2_lemuel,
          serial_co_window_serial, co_window_cross_1,
          co_window_of_opportunity_a, co_window_paths_a, co_window_paths_a,
          co_window_paths_a, co_window_corner_ca, co_window_unsneaky_path_a,
          co_window_cross_2, co_window_broadway_a, co_window_4corner_b,
          co_window_4corner_a
D:10:     layout_rooms, mainiacjoe_overflow_boulevard, uniq_psyche
Lair:1:   layout_gridlike, cheibrodos_lair_reptile_den
Lair:2:   layout_big_grid, lightli_volcano_entry_magma_tube,
          nicolae_lair_liquid_snakes
Lair:3:   layout_roguey, minmay_swamp_entry_reptiles,
          guppyfry_snake_entry_garden, gammafunk_ghost_hive, uniq_kirke
Lair:4:   layout_cave_pods, slime_entry_1
Lair:5:   hangedman_lair_in_review, layout_misc_corridors, st_stairs_7,
          fungi_pond_lemuel
Orc:1:    layout_caves
Orc:2:    st_orc_mages, layout_caves, uniq_jorgrun

Skill      XL: |  1  2  3  4  5  6  7  8  9 10 11 12 13 14 |
---------------+-------------------------------------------+-----
Stealth        | 1 2 |  2.1
Fighting       | 2 3 4 5 6 7 8 10 11 12 13 14 | 14.1
Ranged Weapons | 1 |  1.0
Invocations    | 1 2 4 6 7 9 11 12 13 | 13.3
Polearms       | 3 |  3.6
Staves         | 5 7 10 12 13 | 13.7
Armour         | 3 5 8 9 |  9.0
Short Blades   | |  0.3
Dodging        | |  0.8
Evocations     | |  3.0

Action                     |  1- 3 |  4- 6 |  7- 9 | 10-12 | 13-15 || total
---------------------------+-------+-------+-------+-------+-------++-------
  Melee: Club              |    38 |       |       |       |       ||    38
         Whip              |   107 |       |       |       |       ||   107
         Punch             |     2 |     2 |     6 |       |       ||    10
         Dagger            |    26 |   223 |   222 |       |       ||   471
         Trident           |       |       |   206 |       |       ||   206
         Lajatang          |       |       |    96 |   654 |   333 ||  1083
 Invoke: Banish            |       |       |     3 |     9 |    11 ||    23
         Brand Weapon With |       |       |       |     1 |       ||     1
         Corrupt           |       |       |       |       |     2 ||     2
  Evoke: Wand              |     6 |    15 |     9 |    16 |       ||    46
    Use: Scroll            |       |     6 |     7 |     7 |     7 ||    27
         Potion            |       |       |     1 |     8 |     3 ||    12
   Stab: Sleeping          |       |     7 |     9 |       |     2 ||    18
         Distracted        |       |       |     1 |       |     1 ||     2
         Betrayed ally     |       |       |       |     1 |       ||     1
 Armour: Leather armour    |   123 |   125 |   374 |    12 |       ||   634
         Steam dragon scal |       |       |       |   390 |   272 ||   662
  Dodge: Dodged            |   118 |   119 |   280 |   272 |   142 ||   931
  Block: Other             |       |     6 |    87 |   292 |   129 ||   514
         Reflection        |       |       |       |    11 |     1 ||    12

Table legend: (Time is in decaauts)
 A = Elapsed time spent in this place.
 B = Non-inter-level travel time spent in this place.
 C = Inter-level travel time spent in this place.
 D = Time resting spent in this place.
 E = Time spent auto-exploring this place.
 F = Levels seen in this place.
 G = Mean time per level.
                   A        B        C        D        E       F      G
               +--------+--------+--------+--------+--------+-----+--------+
         Total |  21681 |  21124 |    557 |   1321 |  15371 |  18 | 1204.5 |
       Dungeon |  13783 |  13359 |    424 |   1022 |   9391 |  10 | 1378.3 |
          Lair |   6242 |   6137 |    105 |    162 |   4908 |   5 | 1248.4 |
  Orcish Mines |    925 |    898 |     27 |     35 |    633 |   2 |  462.5 |
       Volcano |    731 |    731 |      0 |    102 |    439 |   1 |  731.0 |
               +--------+--------+--------+--------+--------+-----+--------+

Top non-repeatable levels by time:
     D:5: 2364 daAuts
     D:9: 2201 daAuts
     D:8: 1607 daAuts
  Lair:5: 1562 daAuts
  Lair:4: 1437 daAuts
     D:4: 1422 daAuts
     D:2: 1299 daAuts
  Lair:1: 1199 daAuts
     D:3: 1127 daAuts
  Lair:2: 1108 daAuts
     D:6: 1057 daAuts
     D:1: 1016 daAuts
     D:7: 959 daAuts
  Lair:3: 935 daAuts
 Volcano: 731 daAuts
